 Dungeon Crawl Stone Soup version 0.27-a0-1359-ga2a4dfd6fd (webtiles) character file.

Game seed: 10168160464290338038

655 Tocho the Chopper (level 7, -2/61 HPs)
             Began as a Hill Orc Fighter on June 28, 2021.
             Was an Initiate of Makhleb.
             Slain by a quokka (4 damage)
             ... summoned by Eustachio
             ... on level 5 of the Dungeon.
             The game lasted 00:04:52 (4344 turns).

Tocho the Chopper (Hill Orc Fighter)                Turns: 4344, Time: 00:04:54

Health: -2/61      AC:  7    Str: 21      XL:     7   Next: 54%
Magic:  7/7        EV:  8    Int:  8      God:    Makhleb [......]
Gold:   179        SH:  9    Dex:  9 (10) Spells: 4/6 levels left

rFire    . . .     SeeInvis .   a - +0 war axe
rCold    . . .     Faith    .   c - +0 kite shield
rNeg     . . .     Spirit   .   b - +0 scale mail
rPois    .         Reflect  .   (no helmet)
rElec    .         Harm     .   (no cloak)
rCorr    .         Rampage  .   (no gloves)
Will     .....                  (no boots)
Stlth    ..........             (no amulet)
HPRegen  0.20/turn              (no ring)
MPRegen  0.10/turn              (no ring)

@: no status effects
A: no striking features
a: Renounce Religion


You were on level 5 of the Dungeon.
You worshipped Makhleb.
Makhleb was noncommittal.
You visited 1 branch of the dungeon, and saw 5 of its levels.

You collected 179 gold pieces.

Inventory:

Hand Weapons
 a - a +0 war axe (weapon)
Armour
 b - a +0 scale mail (worn)
 c - a +0 kite shield (worn)
Jewellery
 e - a ring of flight
Wands
 k - a wand of iceblast (2)
Scrolls
 f - a scroll of enchant armour {unknown}
 j - 4 scrolls of identify {unknown}
 m - a scroll of amnesia {unknown}
 n - 2 scrolls of fear {unknown}
 o - a scroll of torment {unknown}
Potions
 d - a potion of might
 g - a potion of brilliance {unknown}
 h - a potion of ambrosia {unknown}
 i - 2 potions of haste {unknown}
 l - 2 potions of invisibility {unknown}
 p - a potion of curing {unknown}
 q - 2 potions of attraction {unknown}
 r - a potion of heal wounds {unknown}
 s - 2 potions of flight {unknown}


   Skills:
 + Level 5.1 Fighting
 + Level 6.8 Axes
 + Level 5.6 Armour
 + Level 1.3 Dodging
 + Level 0.8 Stealth
 + Level 4.4 Shields


You had 4 spell levels left.
You knew the following spells:

 Your Spells              Type           Power      Damage    Failure   Level
a - Wereblood             Tmut           0%         N/A       100%        2

Your spell library contained the following spells:

 Spells                   Type           Power      Damage    Failure   Level
 Beastly Appendage        Tmut           0%         N/A       99%         1
 Confusing Touch          Hex            0%         N/A       100%        3
 Gell's Gravitas          Tloc           0%         N/A       100%        3
 Spider Form              Tmut/Pois      0%         N/A       100%        3
 Ice Form                 Ice/Tmut       0%         N/A       100%        4
 Petrify                  Tmut/Erth      0%         N/A       100%        4
 Metabolic Englaciation   Hex/Ice        0%         N/A       100%        5
 Yara's Violent Unravell  Hex/Tmut       0%         3d3       100%        5


Dungeon Overview and Level Annotations

Branches:
Dungeon (5/15)
 Temple: D:4-7

Altars:
Hepliaklqana
Makhleb
Nemelex Xobeh
Ru
Trog
Uskayaw
Vehumet

Annotations:
D:4 exclusion: statue
D:5 Eustachio


Message History

You block the puff of frost. The quokka bites you.
* * * LOW HITPOINT WARNING * * *
You hit Eustachio but do no damage.
Eustachio is moderately wounded.
You hit the quokka but do no damage. You closely miss the quasit.
You slash the white imp!
You kill the white imp!
You hit the shadow imp. The quasit bites you.
* * * LOW HITPOINT WARNING * * *
You feel clumsy.
The quasit claws you but does no damage. x2
The quokka barely misses you. You block Eustachio's attack.
The shadow imp closely misses you.
The quasit bites you but does no damage.
The quasit closely misses you.
The quasit claws you but does no damage.
You block the quokka's attack.
Eustachio casts a spell.
The shadow imp shouts, "Decamp, thou craven toad-spotted slime mould!"
The shadow imp hits you.
* * * LOW HITPOINT WARNING * * *
The quasit bites you but does no damage.
The quasit claws you.
* * * LOW HITPOINT WARNING * * *
The quasit claws you but does no damage.
The shadow imp gestures at you. Pain shoots through your body!
* * * LOW HITPOINT WARNING * * *
You block the white imp's attack.
The quasit disappears in a puff of smoke!
The quokka twitches its whiskers.
You block the shadow imp's attack.
You slash the white imp!
You kill the white imp!
You hit the quokka. You hit the shadow imp.
The shadow imp disappears in a puff of smoke!
The quokka bites you but does no damage.
Eustachio casts a spell.
Eustachio blinks!
The quokka bites you.
You die...

#. #. #.### .
...######.#
#.........#
#...####..#
#...#..#.#
#5_@#(.#.#
#.5r#(.#.#
#.ยงยง####.####
##...........
.#####..$.#.##
..........#.#
#.
######....@.#
#.## ##.#####
..# ###.#
########.####


You could see Eustachio, 2 dancing weapons, a quasit (summoned), a white imp
(summoned) and a quokka (summoned).

Vanquished Creatures
  An ice beast (D:5)
  An ogre (D:5)
  A phantom (D:4)
  A howler monkey (D:4)
  A jelly (D:4)
  2 hounds (D:5)
  3 iguanas
  An orc wizard (D:5)
  A hound skeleton (D:4)
  3 gnolls (D:4)
  3 adders (D:3)
  2 worms (D:3)
  6 dart slugs
  2 orcs (D:5)
  6 ball pythons
  3 bats
  11 endoplasms
  A giant cockroach (D:1)
  4 goblins
  17 hobgoblins
  6 jackals
  5 quokkas
  5 frilled lizards
  5 kobolds
  9 rats
100 creatures vanquished.

Notes
Turn   | Place    | Note
-------+----------+-------------------------------------------
     0 | D:1      | Tocho the Hill Orc Fighter began the quest for the Orb.
     0 | D:1      | Reached XP level 1. HP: 19/19 MP: 1/1
    48 | D:1      | Reached XP level 2. HP: 3/27 MP: 2/2
   420 | D:1      | Reached skill level 3 in Axes
   589 | D:1      | Reached XP level 3. HP: 33/33 MP: 3/3
   611 | D:1      | Found a faded altar of an unknown god.
  1479 | D:2      | Reached XP level 4. HP: 38/40 MP: 4/4
  1601 | D:2      | Learned a level 2 spell: Wereblood
  1793 | D:2      | Reached skill level 4 in Axes
  2370 | D:3      | Found a sacrificial altar of Ru.
  2560 | D:3      | Found a burning altar of Makhleb.
  2560 | D:3      | Noticed a green death
  2564 | D:3      | Noticed a smoke demon
  2564 | D:3      | Noticed a ynoxinul
  2566 | D:3      | Became a worshipper of Makhleb the Destroyer
  2605 | D:3      | Noticed a moth of wrath
  2607 | D:3      | Found a bloodstained altar of Trog.
  2633 | D:3      | Reached XP level 5. HP: 30/46 MP: 5/5
  3182 | D:4      | Found a sparkling altar of Nemelex Xobeh.
  3244 | D:4      | Reached skill level 5 in Axes
  3369 | D:4      | Noticed a phantom
  3381 | D:4      | Killed a phantom
  3382 | D:4      | Reached XP level 6. HP: 37/53 MP: 6/6
  3666 | D:4      | Reached skill level 5 in Armour
  3713 | D:4      | Found a hazy altar of Hepliaklqana.
  3901 | D:4      | Found a radiant altar of Vehumet.
  4061 | D:5      | Entered Level 5 of the Dungeon
  4061 | D:5      | Noticed an ice beast
  4065 | D:5      | Reached skill level 1 in Dodging
  4069 | D:5      | Killed an ice beast
  4070 | D:5      | Reached skill level 5 in Fighting
  4070 | D:5      | Reached skill level 6 in Axes
  4070 | D:5      | Reached XP level 7. HP: 59/61 MP: 7/7
  4317 | D:5      | Noticed a +0 hand axe
  4317 | D:5      | Noticed a +0 hand axe
  4317 | D:5      | Noticed Eustachio
  4318 | D:5      | Found a hide-covered altar of Uskayaw.
  4342 | D:5      | HP: 1/61 [shadow imp/nerve-wracking pain[Eustachio] (12)]
  4344 | D:5      | Slain by a quokka

Illustrated notes

Levels and vault maps discovered:
D:1:      eino_arrival_tree_alley, layout_basic,
          chequers_ecumenical_altar_island, minmay_ruptured
D:2:      layout_basic, kennysheep_decorative_pillar
D:3:      layout_rooms, tgw_trog, makhleb_altar_promises_db,
          overflow_temple_1_default, chequers_mini_garden
D:4:      layout_gridville, vehumet_statue, grunt_temple_overflow_open,
          serial_rivers, chequers_serial_rivers_micro_d,
          chequers_serial_rivers_micro_b, chequers_serial_rivers_micro_b,
          chequers_serial_rivers_small_b, chequers_serial_rivers_micro_b
D:5:      layout_basic, dancing_weapons_uskayaw, uniq_eustachio

Skill      XL: |  1  2  3  4  5  6 |
---------------+-------------------+-----
Axes           | 3 4 5 6 |  6.8
Armour         | 4 5 |  5.6
Fighting       | 4 5 |  5.1
Shields        | 4 |  4.4
Dodging        | 1 |  1.3
Stealth        | |  0.8

Action                   |  1- 3 |  4- 6 |  7- 9 || total
-------------------------+-------+-------+-------++-------
Melee: War axe           |   114 |   154 |    28 ||   296
Armor: Scale mail        |    40 |    61 |    15 ||   116
Dodge: Dodged            |    35 |    53 |    19 ||   107
Block: Kite shield       |    56 |    85 |    23 ||   164

Table legend: (Time is in decaauts)
 A = Elapsed time spent in this place.
 B = Non-inter-level travel time spent in this place.
 C = Inter-level travel time spent in this place.
 D = Time resting spent in this place.
 E = Time spent auto-exploring this place.
 F = Levels seen in this place.
 G = Mean time per level.
                   A        B        C        D        E       F      G
               +--------+--------+--------+--------+--------+-----+--------+
         Total |   4498 |   4299 |    199 |      0 |   3404 |   5 |  899.6 |
       Dungeon |   4498 |   4299 |    199 |      0 |   3404 |   5 |  899.6 |
               +--------+--------+--------+--------+--------+-----+--------+

Top non-repeatable levels by time:
     D:1: 1295 daAuts
     D:4: 1101 daAuts
     D:3: 1031 daAuts
     D:2: 773 daAuts
     D:5: 296 daAuts
